AoeStats
← Weed420cheese

Arabian Desert

509629792Analyzed
1v1 RM · 5d ago on Sep 27, 2026· 22m 8s· 2 players
Game mode
Random Map
Map size
Tiny (2 player)
Population
200
Speed
Normal
Resources
Standard
Victory
Conquest
Starting age
Dark Age
Ending age
Imperial Age
RankedLock teamsTeams togetherTeam positionsShared explorationLock speedFull tech treeHidden civsTurbo modeCheats
Victory
Defeat
🇧🇪 Malians · Belgium
850
+15
🇦🇷 Khmer · Argentina
818
-39
Santi
7:18 Loom
20:03 Feudal Age
Weed420cheese
10:13 Feudal Age
10:26 Man-at-Arms
11:52 Horse Collar
13:12 Double-Bit Axe
16:11 Scale Mail Armor
18:21 Wheelbarrow
17:54 Arson
18:25 Forging
21:54 Castle Age
21:39 Stone Mining
22:12 Gold Mining
Connection lost

Rejoining the realm…

Still unreachable

The connection could not be restored.

Session expired

The server has moved on; the page needs a fresh start.